 Dungeon Crawl Stone Soup version 0.27.1 (webtiles) character file.

Game seed: 2005289069092323460

113 Kangaroobicon the Cudgeller (level 4, -1/42 HPs)
             Began as a Troll Warper on Aug 28, 2021.
             Was a Follower of the Shining One.
             Slain by an orc (7 damage)
             ... on level 3 of the Dungeon.
             The game lasted 00:23:59 (1677 turns).

Kangaroobicon the Cudgeller (Troll Warper)          Turns: 1677, Time: 00:24:00

Health: -1/42      AC:  4    Str: 19    XL:     4   Next: 65%
Magic:  5/5        EV: 10    Int:  9    God:    the Shining One [*.....]
Gold:   94         SH:  0    Dex: 10    Spells: 4/5 levels left

rFire    + . .     SeeInvis .   a - +0 mace
rCold    x . .     Faith    .   (no shield)
rNeg     + . .     Spirit   .   b - +0 robe
rPois    .         Reflect  .   (helmet restricted)
rElec    .         Harm     .   (no cloak)
rCorr    .         Rampage  .   (gloves unavailable)
Will     .....                  (boots unavailable)
Stlth    +.........             (no amulet)
HPRegen  1.14/turn              k - ring of fire
MPRegen  0.09/turn              o - ring of positive energy

@: glowing
A: large, unfitting armour, claws 3, regeneration 1, shaggy fur 1, tough skin 1
a: Renounce Religion


You were on level 3 of the Dungeon.
You worshipped the Shining One.
The Shining One was aware of your devotion.
You visited 1 branch of the dungeon, and saw 3 of its levels.

You collected 94 gold pieces.

Inventory:

Hand Weapons
 a - a +0 mace (weapon)
Missiles
 c - 7 poisoned darts (quivered)
 d - 5 boomerangs of dispersal
 f - 78 stones
 h - 3 javelins
 i - 22 arrows
Armour
 b - a +0 robe (worn)
Jewellery
 k - a ring of fire (left claw)
 o - a ring of positive energy (right claw)
Scrolls
 e - a scroll of teleportation {unknown}
 j - a scroll of enchant armour {unknown}
 m - a scroll of identify {unknown}
Potions
 g - a potion of haste
 l - a potion of flight {unknown}
 n - a potion of might {unknown}


   Skills:
 + Level 1.9 Fighting
 + Level 2.9 Maces & Flails
 + Level 1.7 Throwing
 + Level 2.3 Dodging
 + Level 0.1 Stealth
 + Level 1.3 Spellcasting
 + Level 2.6 Translocations


You had 4 spell levels left.
You knew the following spells:

 Your Spells              Type           Power      Damage    Failure   Level
a - Foxfire               Conj/Fire      0%         2x1d4     34%         1

Your spell library contained the following spells:

 Spells                   Type           Power      Damage    Failure   Level
 Blink                    Tloc           N/A        N/A       19%         2
 Summon Small Mammal      Summ           0%         N/A       34%         1
 Gell's Gravitas          Tloc           2%         N/A       36%         3
 Lesser Beckoning         Tloc           2%         N/A       36%         3
 Teleport Other           Tloc           5%         N/A       36%         3
 Call Canine Familiar     Summ           0%         N/A       71%         3
 Conjure Flame            Conj/Fire      0%         6-21      71%         3
 Inner Flame              Hex/Fire       0%         N/A       71%         3
 Summon Guardian Golem    Hex/Summ       0%         N/A       71%         3
 Manifold Assault         Tloc           5%         N/A       98%         5


Dungeon Overview and Level Annotations

Branches:
Dungeon (3/15)

Altars:
Dithmenos
Makhleb
The Shining One

Annotations:
D:3 LemonRage's ghost, amateur DEIE


Innate Abilities, Weirdness & Mutations

You are too large for most types of armour.
You have claws for hands.
Your natural rate of healing is unusually fast.
You are covered in fur. (AC +1)
You have tough skin. (AC +1)


Message History

* * * LOW HITPOINT WARNING * * *
You hit the orc but do no damage.
The orc is severely wounded.
The orc barely misses you. The goblin closely misses you.
The orc hits you with a +0 dagger.
* * * LOW HITPOINT WARNING * * *
You hit the orc.
You kill the orc!
The goblin hits you but does no damage. The goblin misses you.
An orc comes into view. It is wielding a +0 hand axe.
The adder hisses angrily.
The orc shouts!
Things that are here:
a +0 dagger; 26 stones; a +0 leather armour You hit the adder.
The adder is heavily wounded.
A kobold comes into view. It is wielding a +0 dagger.
The adder closely misses you. The orc hits you with a +0 hand axe.
The goblin hits you with a +0 club.
A giant cockroach comes into view.
You barely miss the adder.
The adder is heavily wounded.
The kobold shouts!
You hear a shout! x2
The adder bites you but does no damage.
An orc comes into view.
It is wielding a +0 club and quivering poisoned darts.
A rat comes into view.
The orc hits you with a +0 hand axe. The goblin hits you but does no damage.
The adder bites you.
* * * LOW HITPOINT WARNING * * *
The orc hits you with a +0 hand axe.
* * * LOW HITPOINT WARNING * * *
The orc moves out of view.
You sock the adder!
You kill the adder!
The orc barely misses you. The goblin hits you but does no damage.
LemonRage's ghost freezes you.
You are frozen.
You feel a terrible chill!
* * * LOW HITPOINT WARNING * * *
The kobold throws a stone.
The stone hits you but does no damage. The orc hits you with a +0 hand axe!
You die...

#.#.# ..
#.#.####.###.#
#........##..
###.#######.#
####........B#
#.....##.....# .
#.###.##.##Z.#
.o. #.#
#.....)Wo##.r...
#.#
#.##)##g@..K..#
#.#
.##W##o###...#
#####.#
#...o..o# .#
......#
###(......#
#######
#.#####.# S.
###.## .# .._ .
##.♣..## #.#
.... ..
#......###.#
.S§§§.
#..§♣...##.#
§.§§§


You could see an orc wizard, LemonRage's ghost, 3 orcs, a giant cockroach, a
goblin, a kobold, a rat and a howler monkey skeleton.

Vanquished Creatures
  A centaur skeleton (D:3)
  5 adders
  2 orcs (D:3)
  3 ball pythons
  7 endoplasms
  4 giant cockroaches
  4 goblins
  A hobgoblin (D:2)
  2 quokkas
  4 bats
  4 frilled lizards
  7 kobolds
  5 rats
49 creatures vanquished.

Vanquished Creatures (others)
  4 withered plants (D:3)
4 creatures vanquished.

Grand Total: 53 creatures vanquished

Notes
Turn   | Place    | Note
-------+----------+-------------------------------------------
     0 | D:1      | Kangaroobicon the Troll Warper began the quest for the Orb.
     0 | D:1      | Reached XP level 1. HP: 19/19 MP: 1/1
    33 | D:1      | Learned a level 1 spell: Foxfire
   152 | D:1      | Reached XP level 2. HP: 24/28 MP: 3/3
   760 | D:2      | Reached skill level 1 in Throwing
   760 | D:2      | Reached XP level 3. HP: 21/35 MP: 4/4
  1401 | D:3      | Reached XP level 4. HP: 35/42 MP: 5/5
  1505 | D:3      | Found a runed translucent gate.
  1506 | D:3      | Found a runed translucent gate.
  1506 | D:3      | Found a runed translucent gate.
  1506 | D:3      | Noticed LemonRage's ghost (amateur DEIE)
  1622 | D:3      | Found a burning altar of Makhleb.
  1624 | D:3      | Found a shadowy altar of Dithmenos.
  1647 | D:3      | Found a faded altar of an unknown god.
  1649 | D:3      | Became a worshipper of the Shining One
  1649 | D:3      | Reached * piety under the Shining One
  1677 | D:3      | Slain by an orc

Illustrated notes

Levels and vault maps discovered:
D:1:      tarquinn_simple_flora_water_e, layout_rooms,
          chequers_serial_rivers_large_b
D:2:      layout_loops_ring, chequers_serial_rivers_micro_d
D:3:      layout_loops_ring, mainiacjoe_overflow_tiny_flanked,
          nicolae_dithmenos_the_darkroom, gammafunk_ghost_necromancy,
          ebering_ecumenical_altar_petrified

Skill      XL: |  1  2 |
---------------+-------+-----
Dodging        | 2 |  2.3
Maces & Flails | 2 |  2.9
Throwing       | 1 |  1.7
Fighting       | |  1.9
Stealth        | |  0.1
Spellcasting   | |  1.3
Translocations | |  2.6

Action                   |  1- 3 |  4- 6 || total
-------------------------+-------+-------++-------
Melee: Mace              |   173 |    61 ||   234
Throw: Stone             |    48 |     2 ||    50
       Dart              |       |     3 ||     3
  Use: Scroll            |       |     1 ||     1
 Stab: Sleeping          |     1 |       ||     1
Armor: Robe              |    82 |    34 ||   116
Dodge: Dodged            |   100 |    53 ||   153
